 Dungeon Crawl Stone Soup version 0.20-a0-299-gec7c366 (webtiles) character file.

115 Da5id the Ruffian (level 4, -5/33 HPs)
             Began as a Demonspawn Gladiator on Dec 15, 2016.
             Slain by charlessucks's ghost (12 damage)
             ... on level 3 of the Dungeon.
             The game lasted 00:02:31 (2974 turns).

Da5id the Ruffian (Demonspawn Gladiator)            Turns: 2974, Time: 00:02:31

Health: -5/33      AC:  8    Str: 21    XL:     4   Next: 68%
Magic:  4/4        EV: 12    Int:  9    God:
Gold:   52         SH:  0    Dex: 14    Spells: 3/3 levels left

rFire  . . .     SeeInvis .       - Unarmed
rCold  + . .     Gourm    .     a - +0 leather armour
rNeg   . . .     Faith    .     (no shield)
rPois  .         Spirit   .     g - +1 helmet
rElec  .         Reflect  .     (no cloak)
rCorr  .         Harm     .     e - +0 pair of gloves
MR     .....                    (no boots)
Stlth  +.........               (no amulet)
                                (no ring)
                                (no ring)

@: mighty, very slightly contaminated, hasted, very quick
A: thin metallic scales 1, cold resistance 1
a: no special abilities


You were on level 3 of the Dungeon.
You were hungry.

You visited 1 branch of the dungeon, and saw 3 of its levels.

You collected 52 gold pieces.

Inventory:

Missiles
 c - 3 throwing nets (quivered)
Armour
 a - a +0 leather armour (worn)
 e - a +0 pair of gloves (worn)
 g - a +1 helmet (worn)
Scrolls
 h - a scroll of identify {unknown}
 i - 5 scrolls of remove curse {unknown}
 j - a scroll of enchant weapon {unknown}
 k - a scroll of blinking {unknown}
 m - a scroll of fear {unknown}
 n - a scroll of random uselessness {unknown}
Potions
 b - a potion of cancellation {unknown}
 l - a potion of cure mutation
Comestibles
 d - 2 bread rations
 o - a beef jerky


   Skills:
 - Level 2.0 Fighting
 - Level 1.7 Throwing
 - Level 2.6 Dodging
 + Level 5.0 Unarmed Combat


You had 3 spell levels left.
You didn't know any spells.

Dungeon Overview and Level Annotations

Branches:
Dungeon (3/15)

Altars:
Dithmenos
Trog

Annotations:
D:3 charlessucks's ghost, amateur OgBe


Innate Abilities, Weirdness & Mutations

You are partially covered in thin metallic scales. (AC +2)
Your flesh is cold resistant. (rC+)


Message History

The giant cockroach bites you but does no damage.
You hit the giant cockroach.
You kill the giant cockroach!
It was a potion of might.
You feel very mighty all of a sudden.
You punch charlessucks's ghost!
Charlessucks's ghost is moderately damaged.
Charlessucks's ghost hits you!
* * * LOW HITPOINT WARNING * * *
You closely miss charlessucks's ghost.
Charlessucks's ghost is moderately damaged.
You punch charlessucks's ghost!
Charlessucks's ghost is heavily damaged.
Charlessucks's ghost closely misses you.
You punch charlessucks's ghost!
Charlessucks's ghost is severely damaged.
You closely miss charlessucks's ghost.
Charlessucks's ghost is severely damaged.
Charlessucks's ghost hits you!
You die...

# .........
.#
........###.
........+..
........#.#
........#.#
........#@#
........#W#
###...W...#
..'...(...#
###.......#
#.......###
#.........#
#......##.#
.'......'..#


You could see charlessucks's ghost.

Vanquished Creatures
  3 gnolls (D:3)
  3 adders (D:2)
  A worm (D:2)
  A dart slug (D:1)
  A leopard gecko (D:1)
  An orc (D:2)
  3 giant cockroaches
  4 hobgoblins
  6 jackals (D:1)
  5 kobolds
  2 quokkas (D:2)
  3 bats (D:1)
  5 frilled lizards
  7 goblins (D:1)
  8 rats
53 creatures vanquished.

Notes
Turn   | Place    | Note
-------+----------+-------------------------------------------
     0 | D:1      | Da5id the Demonspawn Gladiator began the quest for the Orb.
     0 | D:1      | Reached XP level 1. HP: 16/16 MP: 1/1
    54 | D:1      | Reached skill level 3 in Unarmed Combat
    73 | D:1      | Gained mutation: Your flesh is cold resistant. (rC+) [demonic ancestry]
    73 | D:1      | Reached XP level 2. HP: 11/22 MP: 2/2
   678 | D:1      | Reached XP level 3. HP: 26/27 MP: 3/3
  1036 | D:1      | Reached skill level 4 in Unarmed Combat
  1672 | D:2      | Found a shadowy altar of Dithmenos.
  1750 | D:2      | Gained mutation: You are partially covered in thin metallic scales. (AC +2) [demonic ancestry]
  1750 | D:2      | Reached XP level 4. HP: 20/33 MP: 4/4
  2122 | D:2      | Found a bloodstained altar of Trog.
  2610 | D:3      | Reached skill level 5 in Unarmed Combat
  2955 | D:3      | Noticed charlessucks's ghost (amateur OgBe)
  2974 | D:3      | Slain by charlessucks's ghost

Vault maps used:
D:1:      dpeg_arrival_solitude, st_stairs_1
D:2:      grunt_dithmenos_smoke, trog_butcher_becter
D:3:      kiku_gazebo_garden_becter, nicolae_overflow_hidden_temple,
          first_bread, minmay_misc_feat_iff

Skill      XL: |  1  2  3  4 |
---------------+-------------+-----
Unarmed Combat | 3 4 5 |  5.0
Fighting       | |  2.0
Throwing       | |  1.7
Dodging        | |  2.6

Action                   |  1- 3 |  4- 6 || total
-------------------------+-------+-------++-------
Melee: Unarmed           |   149 |    60 ||   209
       Punch             |     3 |     1 ||     4
  Use: Potion            |       |     3 ||     3
  Eat: Chunk             |     3 |     3 ||     6
Armor: Leather armour    |    69 |     8 ||    77
Dodge: Dodged            |   126 |    35 ||   161
